 Dungeon Crawl Stone Soup version 0.28-a0-1387-g3a22ab9bdc (webtiles) character file.

Game seed: 12352068504431683630

2708 ragingrage the Prestidigitator (level 9, -2/48 HPs)
             Began as a Gargoyle Artificer on Jan 3, 2022.
             Was a Believer of Okawaru.
             Slain by a warg (8 damage)
             ... on level 7 of the Dungeon.
             The game lasted 00:09:52 (9876 turns).

ragingrage the Prestidigitator (Gargoyle Artificer) Turns: 9876, Time: 00:09:53

Health: -2/48      AC: 11    Str: 13    XL:     9   Next: 66%
Magic:  9/9        EV:  8    Int: 12    God:    Okawaru [**....]
Gold:   460        SH: 11    Dex: 18    Spells: 8/8 levels left

rFire   + . .      SeeInvis .   a - +1 dagger (venom)
rCold   + . .      Faith    .   l - +3 kite shield "Hasuczi" {rElec rPois Will++ Str-5}
rNeg    + . .      Spirit   .   w - +0 leather armour
rPois   ∞          Reflect  .   (no helmet)
rElec   +          Harm     .   H - +0 cloak
rCorr   .          Rampage  .   r - +0 pair of gloves
Will    ++...                   (no boots)
Stlth   ++........              y - amulet of magic regeneration
HPRegen 0.16/turn               h - +6 ring of dexterity
MPRegen 0.51/turn               (no ring)

@: no status effects
A: sickness immunity, AC +6, negative energy resistance 1, electricity
resistance, torment resistance 1, petrification resistance, cold resistance 1,
fire resistance 1, wild magic 1
a: Renounce Religion, Heroism


You were on level 7 of the Dungeon.
You worshipped Okawaru.
Okawaru was pleased with you.
You visited 1 branch of the dungeon, and saw 8 of its levels.

You collected 520 gold pieces.
You spent 60 gold pieces at shops.

Inventory:

Hand Weapons
 a - a +1 dagger of venom (weapon)
 b - a +0 broad axe
 g - a +0 hand axe
 q - a +0 battleaxe
Missiles
 m - 47 poisoned darts
 s - 5 curare-tipped darts
 t - 2 throwing nets
 u - 2 javelins
Armour
 l - the +3 kite shield "Hasuczi" (worn) {rElec rPois Will++ Str-5}
   (You found it on level 3 of the Dungeon)

   Str:       It affects your strength (-5).
   rElec:     It insulates you from electricity.
   rPois:     It protects you from poison.
   Will:      It greatly increases your willpower.
 r - a +0 pair of gloves (worn)
 w - a +0 leather armour (worn)
 H - a +0 cloak (worn)
Jewellery
 h - a +6 ring of dexterity (left hand)
 y - an amulet of magic regeneration (around neck)
 D - an amulet of faith
Wands
 c - a wand of flame (23) (quivered)
 d - a wand of charming (9)
 n - a wand of paralysis (5)
 B - a wand of iceblast (8)
 I - a wand of digging (6)
Scrolls
 f - 2 scrolls of identify {unknown}
 i - 4 scrolls of teleportation {unknown}
 o - 2 scrolls of amnesia {unknown}
 x - a scroll of fear {unknown}
 z - a scroll of immolation {unknown}
 A - a scroll of silence {unknown}
 C - a scroll of noise {unknown}
 F - a scroll of magic mapping {unknown}
 G - a scroll of blinking {unknown}
 K - 2 scrolls of acquirement {unknown}
Potions
 j - 2 potions of curing
 k - 2 potions of heal wounds
 p - a potion of magic {unknown}
 v - 3 potions of lignification {unknown}
 E - a potion of brilliance {unknown}
 J - a potion of attraction {unknown}
Miscellaneous
 e - a piece from Xom's chessboard (15/15)


   Skills:
 - Level 2.3 Fighting
 + Level 8.1 Axes
 - Level 2.1 Armour
 - Level 0.7 Dodging
 - Level 1.1 Stealth
 + Level 8.9 Evocations


You had 8 spell levels left.
You didn't know any spells.
Your spell library contained the following spells:

 Spells                   Type           Power      Damage    Failure   Level
 Slow                     Hex            0%         N/A       98%         1
 Static Discharge         Conj/Air       0%         N/A       99%         2
 Confusing Touch          Hex            0%         N/A       100%        3
 Vampiric Draining        Necr           0%         2d6       100%        3
 Lightning Bolt           Conj/Air       0%         1d11      100%        5
 Maxwell's Capacitive Co  Air            0%         ∞         100%        8


Dungeon Overview and Level Annotations

Branches:
Dungeon (8/15)             Temple (0/1) D:7
   Lair: D:8-11

Altars:
Hepliaklqana
Kikubaaqudgha
Makhleb
Okawaru
Yredelemnul

Shops:
D:4 (

Annotations:
D:7 Joseph


Innate Abilities, Weirdness & Mutations

You are immune to sickness and miasma.
Your stone body is resilient. (AC +6)
You are immune to poison.
You resist negative energy. (rN+)
You are resistant to electric shocks. (rElec)
You are resistant to unholy torment.
You are immune to petrification.
Your flesh is cold resistant. (rC+)
Your flesh is heat resistant. (rF+)
Your spells are a little harder to cast, but a little more powerful.


Message History

Reactivating autopickup.
There is a stone staircase leading down here.
You barely miss the warg. The warg bites you. You block something's attack.
Deactivating autopickup; reactivate with Ctrl-A.
You hit the warg but do no damage.
The warg is poisoned.
The warg bites you but does no damage. You block something's attack.
The warg bites you! Something hits you but does no damage.
You hit something. Okawaru accepts your kill.
Reactivating autopickup.
You feel a bit more experienced. The warg barely misses you.
You block the warg's attack.
Things that are here:
a +0 dagger; a +0 robe You hit the warg.
The warg looks as sick as possible!
The warg is lightly wounded.
You block the warg's attack. x2
You closely miss the warg.
The warg is moderately wounded.
The warg barely misses you.
You closely miss the warg.
The warg is moderately wounded.
The warg bites you! x2
You miss the warg.
The warg is heavily wounded.
The warg closely misses you. You block the warg's attack.
You hit the warg but do no damage.
The warg looks as sick as possible!
The warg is heavily wounded.
You block the warg's attack. The warg bites you but does no damage.
You hit the warg.
The warg is heavily wounded.
You block the warg's attack.
You closely miss the warg.
The warg is severely wounded.
The warg bites you! x2
* * * LOW HITPOINT WARNING * * *
You completely miss the warg.
The warg is severely wounded.
The warg bites you!
You die...

#.#..#.#.##.##..#..#.#.##..#.#
#.#..#.#....#......#.#.......#
#.#.##.#....#.#.#..#.####..###
#.#..#.#....#.#.#..#.# #..#
..##.#.#....#.#....#.####..#
####.#.#...........#.......#
####.#.#)####.##(..#######.#
...#.#.#.##<..##.....# #.#
##.#...#.#######@h##.# #.#
#.#####.........>...# #.# #.#
#########.##### #.##### #.#
#.#########.#...## #.#
#[#.......#.#.#.#. #.#
#.#.#####.#.#.#.#. #.#
#.#.#####.#.#.#.#. #.#
#.#.#...#.#.#.#.#. ##.#
#########[#.#..##.#.#.#.#.


You could see a warg (very poisoned).

Vanquished Creatures
  Eustachio (D:6)
  Menkaure (D:4)
  Duvessa (D:7)
  Edmund (D:6)
  2 water moccasins
  2 ice beasts
  A hornet zombie (D:6)
  2 sky beasts
  A necrophage (D:6)
  3 ogres
  A centaur (D:7)
  Blork the orc (D:6)
  A bullfrog (D:7)
  A scorpion (D:5)
  A water moccasin skeleton (D:4)
  2 water moccasin zombies
  Dowan (D:7)
  A centaur zombie (D:6)
  2 jellies
  A hound (D:5)
  A centaur skeleton (D:7)
  2 orc priests
  2 bullfrog skeletons
  An iguana (D:4)
  Natasha (thrice) (D:2)
  6 orc wizards
  A scorpion zombie (D:5)
  A hound skeleton (D:4)
  5 adders
  5 gnolls
  2 worms
  3 dart slugs
  6 orcs
  8 ball pythons
  2 bat zombies (D:6)
  6 endoplasms
  5 giant cockroaches
  7 goblins
  7 hobgoblins
  4 jackals
  A kobold (D:3)
  9 quokkas
  3 training dummies (D:4)
  2 bats
  6 frilled lizards
  7 rats
  A rat zombie (D:6)
133 creatures vanquished.

Vanquished Creatures (collateral kills)
  A gnoll (D:2)
  2 orcs (D:3)
  A hobgoblin (D:3)
4 creatures vanquished.

Vanquished Creatures (others)
  2 gnolls
  A kobold (D:4)
3 creatures vanquished.

Grand Total: 140 creatures vanquished

Notes
Turn   | Place    | Note
-------+----------+-------------------------------------------
     0 | D:1      | ragingrage the Gargoyle Artificer began the quest for the
                  | Orb.
     0 | D:1      | Reached XP level 1. HP: 12/12 MP: 1/1
   211 | D:1      | Reached XP level 2. HP: 3/17 MP: 2/2
  1257 | D:1      | Reached XP level 3. HP: 20/21 MP: 3/3
  1730 | D:2      | Reached skill level 1 in Axes
  1738 | D:2      | Reached XP level 4. HP: 24/26 MP: 4/4
  1768 | D:2      | Noticed Natasha
  1778 | D:2      | HP: 1/26 [something (6)]
  1780 | D:2      | Killed Natasha
  2221 | D:2      | Noticed Natasha
  2225 | D:2      | Killed Natasha
  2226 | D:2      | Reached XP level 5. HP: 28/30 MP: 5/5
  2232 | D:2      | Noticed Natasha
  2240 | D:2      | Killed Natasha
  2623 | D:3      | Identified the +3 kite shield "Hasuczi" {rElec rPois Will++
                  | Str-5}
  2739 | D:3      | Found a hazy altar of Hepliaklqana.
  2883 | D:3      | Found a basalt altar of Yredelemnul.
  2952 | D:3      | Noticed an ogre
  2958 | D:3      | Killed an ogre
  2959 | D:3      | Reached XP level 6. HP: 35/35 MP: 6/6
  3413 | D:4      | Found a burning altar of Makhleb.
  3824 | D:4      | Reached skill level 5 in Evocations
  4184 | D:4      | Found Heecwu's Firing Range.
  4192 | D:4      | Bought 5 curare-tipped darts for 30 gold pieces
  4192 | D:4      | Bought a throwing net for 30 gold pieces
  4453 | D:4      | Noticed Menkaure
  4597 | D:4      | Killed Menkaure
  4598 | D:4      | Reached XP level 7. HP: 40/40 MP: 7/7
  5081 | D:5      | Entered Level 5 of the Dungeon
  5423 | D:5      | Found an iron altar of Okawaru.
  5433 | D:5      | Gained mutation: Your flesh is cold resistant. (rC+)
                  | [potion of mutation]
  5433 | D:5      | Gained mutation: Your flesh is heat resistant. (rF+)
                  | [potion of mutation]
  5433 | D:5      | Gained mutation: Your spells are a little harder to cast,
                  | but a little more powerful. [potion of mutation]
  5443 | D:5      | Reached skill level 5 in Axes
  5443 | D:5      | Reached XP level 8. HP: 32/44 MP: 8/8
  5539 | D:5      | Became a worshipper of Warmaster Okawaru
  6637 | D:6      | Noticed Blork the orc
  6648 | D:6      | Killed Blork the orc
  6955 | D:6      | Reached * piety under Okawaru
  7079 | D:6      | Noticed Edmund
  7088 | D:6      | Killed Edmund
  7089 | D:6      | Reached XP level 9. HP: 47/48 MP: 9/9
  7201 | D:6      | Noticed Eustachio
  7243 | D:6      | Killed Eustachio
  7743 | D:6      | Found an ancient bone altar of Kikubaaqudgha.
  8336 | D:7      | Found a staircase to the Ecumenical Temple.
  8596 | D:7      | Noticed Joseph
  8893 | D:7      | Reached ** piety under Okawaru
  9048 | D:7      | Noticed Dowan
  9067 | D:7      | Killed Dowan
  9075 | D:7      | Noticed Duvessa
  9089 | D:7      | Killed Duvessa
  9876 | D:7      | Slain by a warg

Illustrated notes

Levels and vault maps discovered:
D:1:      kilobyte_arrival_exit_the_forest, layout_loops_ring
D:2:      layout_rooms, kennysheep_generic_room_16, uniq_natasha
D:3:      layout_rooms, mainiacjoe_overflow_large_starburst
D:4:      layout_loops_cross, mainiacjoe_overflow_concentric_impassable,
          serial_co_window_serial, co_window_of_opportunity_a,
          co_window_of_opportunity_a, co_window_corner_a, co_window_paths_a,
          co_window_corner_a, co_window_of_opportunity_b,
          co_window_of_opportunity_c, co_window_corner_b, co_window_broadway_c,
          co_window_paths_d, co_window_4corner_b, glass_columns_c,
          glass_columns_a, glass_columns_a, nicolae_shop_firing_range,
          uniq_menkaure
D:5:      layout_basic, amcnicky_altar_gilded, kennysheep_generic_room_8
D:6:      layout_cave_pods, lemuel_zombie_altar_kikubaaqudgha,
          roderic_roman_lattice, uniq_edmund, uniq_eustachio, uniq_blork_the_orc
D:7:      layout_basic, minmay_temple_entry_large_hall, uniq_duvessa,
          uniq_joseph
D:8:      layout_basic, lemuel_tele_altar, erik_lair_orcish_takeover

Skill      XL: |  1  2  3  4  5  6  7  8  9 |
---------------+----------------------------+-----
Evocations     | 3 4 5 6 7 8 |  8.9
Fighting       | 2 |  2.3
Axes           | 1 2 3 4 5 6 8 |  8.1
Armour         | |  2.1
Dodging        | |  0.7
Stealth        | |  1.1

Action                   |  1- 3 |  4- 6 |  7- 9 || total
-------------------------+-------+-------+-------++-------
Melee: Club              |    14 |       |       ||    14
       Whip              |    44 |       |       ||    44
       Dagger            |    35 |   187 |   298 ||   520
       Hand axe          |       |       |    23 ||    23
       Broad axe         |       |       |    75 ||    75
Throw: Dart              |       |     4 |    11 ||    15
Invok: Heroism           |       |       |     2 ||     2
Evoke: Wand              |     2 |    12 |    12 ||    26
  Use: Potion            |       |     1 |     4 ||     5
       Scroll            |       |     1 |       ||     1
 Stab: Sleeping          |     2 |     1 |     2 ||     5
       Paralysed         |       |     4 |    13 ||    17
Armor: Leather armour    |    44 |    69 |   177 ||   290
Dodge: Dodged            |    64 |    76 |   119 ||   259
Block: Kite shield       |       |    59 |   248 ||   307

Table legend: (Time is in decaauts)
 A = Elapsed time spent in this place.
 B = Non-inter-level travel time spent in this place.
 C = Inter-level travel time spent in this place.
 D = Time resting spent in this place.
 E = Time spent auto-exploring this place.
 F = Levels seen in this place.
 G = Mean time per level.
                   A        B        C        D        E       F      G
               +--------+--------+--------+--------+--------+-----+--------+
         Total |  10057 |   9698 |    359 |   2190 |   5682 |   8 | 1257.1 |
       Dungeon |  10057 |   9698 |    359 |   2190 |   5682 |   8 | 1257.1 |
               +--------+--------+--------+--------+--------+-----+--------+

Top non-repeatable levels by time:
     D:6: 1798 daAuts
     D:4: 1727 daAuts
     D:1: 1704 daAuts
     D:7: 1593 daAuts
     D:5: 1507 daAuts
     D:2: 960 daAuts
     D:3: 746 daAuts
     D:8: 20 daAuts
